AoeStats
← liberal_aftermath

Arena

510736812Analyzed
1v1 RM · 13h ago on Oct 2, 2026· 46m 40s· 2 players
Game mode
Random Map
Map size
Tiny (2 player)
Population
200
Speed
Normal
Resources
Standard
Victory
Conquest
Starting age
Dark Age
Ending age
Imperial Age
RankedLock teamsTeams togetherTeam positionsShared explorationLock speedFull tech treeHidden civsTurbo modeCheats
Victory
Defeat
🇨🇳 Tatars · China
610
+17
🇧🇷 Turks · Brazil
621
-17
liberal_aftermath
1:44 Loom
12:37 Feudal Age
13:09 Double-Bit Axe
13:08 Horse Collar
15:09 Gold Mining
16:27 Wheelbarrow
20:16 Castle Age
19:38 Forging
20:28 Bloodlines
20:46 Fletching
21:14 Husbandry
26:36 Stone Mining
27:37 Heavy Plow
29:39 Gold Shaft Mining
34:16 Imperial Age
32:55 Iron Casting
32:35 Scale Barding Armor
33:46 Bodkin Arrow
40:28 Timurid Siegecraft
42:40 Bracer
43:41 Blast Furnace
43:15 Chain Barding Armor
43:28 Silk Armor
deadbot
10:15 Loom
14:42 Feudal Age
19:26 Castle Age
21:32 Fervor
25:53 Town Watch
29:44 Imperial Age
27:05 Town Watch
27:33 Gold Mining
29:20 Fletching
29:25 Stone Mining
29:51 Fortified Wall
30:04 Ballistics
31:27 Conscription
31:52 Horse Collar
33:02 Bodkin Arrow
35:06 Arrowslits
35:42 Bombard Tower
39:20 Town Patrol
39:20 Murder Holes
40:46 Artillery
Connection lost

Rejoining the realm…

Still unreachable

The connection could not be restored.

Session expired

The server has moved on; the page needs a fresh start.